 Dungeon Crawl Stone Soup version 0.29.1-1-gd02db6906a (webtiles) character file.

Game seed: 11665875719875478139

144 xian the Chopper (level 4, -6/38 HPs)
             Began as a Demigod Fighter on Oct 7, 2022.
             Mangled by Sigmund
             ... wielding a +1 vorpal scythe
              (8 damage)
             ... on level 3 of the Dungeon.
             The game lasted 00:05:26 (2957 turns).

xian the Chopper (Demigod Fighter)                  Turns: 2957, Time: 00:05:27

Health: -6/38      AC:  8    Str: 21    XL:     4   Next: 76%
Magic:  6/6        EV:  9    Int: 10    God:
Gold:   135        SH:  4    Dex: 13    Spells: 3/3 levels left

rFire   . . .      SeeInvis .   a - +0 war axe
rCold   . . .      Faith    .   c - +0 buckler
rNeg    . . .      Spirit   .   b - +0 scale mail
rPois   .          Reflect  .   f - +0 helmet
rElec   .          Harm     .   (no cloak)
rCorr   .          Rampage  .   (no gloves)
Will    .....                   (no boots)
Stlth   ..........              (no amulet)
HPRegen 0.12/turn               (no ring)
MPRegen 0.10/turn               (no ring)

@: mighty
A: high MP 1, forlorn, divine attributes
a: no special abilities


You were on level 3 of the Dungeon.
You visited 1 branch of the dungeon, and saw 3 of its levels.

You collected 135 gold pieces.

Inventory:

Hand Weapons
 a - a +0 war axe (weapon)
Missiles
 l - 3 stones (quivered)
 n - 3 boomerangs
Armour
 b - a +0 scale mail (worn)
 c - a +0 buckler (worn)
 f - a +0 helmet (worn)
Wands
 p - a wand of flame (10)
Scrolls
 g - 5 scrolls of identify {unknown}
 h - a scroll of brand weapon {unknown}
 i - a scroll of immolation {unknown}
 k - a scroll of noise {unknown}
 o - a scroll of blinking {unknown}
 r - a scroll of fog {unknown}
Potions
 d - a potion of might
 e - a potion of curing {unknown}
 m - a potion of attraction {unknown}
 q - a potion of heal wounds {unknown}


   Skills:
 + Level 3.0 Fighting
 + Level 3.5 Axes
 + Level 0.3 Throwing
 + Level 3.4 Armour
 + Level 0.6 Dodging
 + Level 0.2 Stealth
 + Level 3.0 Shields


You had 3 spell levels left.
You didn't know any spells.
Your spell library was empty.

Dungeon Overview and Level Annotations

Branches:
Dungeon (3/15)

Annotations:
D:3 Sigmund


Innate Abilities, Weirdness & Mutations

You have an increased reservoir of magic. (+10% MP)
You shall have no god before yourself.
Your divine heritage dramatically boosts your attributes as you level up.


Message History

Sigmund says, "Look into my eyes."
You throw an atropa-tipped dart.
The atropa-tipped dart closely misses Sigmund.
You throw an atropa-tipped dart. The atropa-tipped dart hits Sigmund.
Sigmund appears confused.
You barely miss Sigmund.
Sigmund seems less confused.
Sigmund completely misses you.
You closely miss Sigmund.
Sigmund hits you with a +1 vorpal scythe.
You closely miss Sigmund.
Sigmund is no longer blind.
Sigmund closely misses you.
You closely miss Sigmund. Sigmund closely misses you.
You hit Sigmund.
Sigmund is lightly wounded.
Sigmund hits you with a +1 vorpal scythe!
You throw an atropa-tipped dart.
The atropa-tipped dart barely misses Sigmund.
Sigmund points at you and mumbles some strange words.
The magic dart hits you.
You throw an atropa-tipped dart.
The atropa-tipped dart closely misses Sigmund.
Sigmund hits you with a +1 vorpal scythe!
* * * LOW HITPOINT WARNING * * *
You feel very mighty all of a sudden.
You closely miss Sigmund.
Sigmund is lightly wounded.
Sigmund hits you with a +1 vorpal scythe.
* * * LOW HITPOINT WARNING * * *
x2 You slash Sigmund!
Sigmund is heavily wounded.
Sigmund hits you with a +1 vorpal scythe.
* * * LOW HITPOINT WARNING * * *
x2 You closely miss Sigmund.
Sigmund is heavily wounded.
Sigmund points at you and mumbles some strange words.
The magic dart hits you but does no damage.
You barely miss Sigmund.
Sigmund is heavily wounded.
Sigmund hits you with a +1 vorpal scythe!
You die...

#.# #..# ..( ..# ##.# ..# ###
#.# ..# #.# ..# #.# ..# #.#
######### ((# #.# ........#
###@.# #.# #######.# #.@..#
#.# ###.#######.#.#########.#
#####.............##........#
...........####...##.########
.####.#.##.# ###.##.#
......#.##.# #.##.#
........##.# #.##.#
..###.<###.# #.##†# ..# #..#
#.# #.##.#


You could see Sigmund.

Vanquished Creatures
  Terence (D:3)
  4 adders
  2 dart slugs
  2 worms (D:2)
  4 orcs
  2 ball pythons
  2 endoplasms (D:1)
  A giant cockroach (D:2)
  5 goblins
  4 hobgoblins
  11 jackals
  6 kobolds
  3 quokkas
  9 bats
  2 frilled lizards (D:2)
  10 rats
68 creatures vanquished.

Notes
Turn   | Place    | Note
-------+----------+-------------------------------------------
     0 | D:1      | xian the Demigod Fighter began the quest for the Orb.
     0 | D:1      | Reached XP level 1. HP: 18/18 MP: 3/3
   277 | D:1      | Reached XP level 2. HP: 25/25 MP: 4/4
   961 | D:1      | Reached XP level 3. HP: 22/30 MP: 5/5
  2280 | D:2      | Reached XP level 4. HP: 30/37 MP: 6/6
  2353 | D:3      | Noticed Terence
  2378 | D:3      | Killed Terence
  2943 | D:3      | Noticed Sigmund
  2957 | D:3      | Mangled by Sigmund

Illustrated notes

Levels and vault maps discovered:
D:1:      dpeg_arrival_rooms_c, layout_loops_corners
D:2:      layout_loops_ring, basic_altar
D:3:      layout_loops_ring, trog_butcher_becter, okawaru_altar_gauntlet_db,
          uniq_sigmund, uniq_terence, uniq_robin

Skill      XL: |  1  2  3  4 |
---------------+-------------+-----
Axes           | 2 3 |  3.5
Armour         | 3 |  3.4
Fighting       | 3 |  3.0
Shields        | 3 |  3.0
Throwing       | |  0.3
Dodging        | |  0.6
Stealth        | |  0.2

Action                   |  1- 3 |  4- 6 || total
-------------------------+-------+-------++-------
Melee: War axe           |   168 |    38 ||   206
Throw: Stone             |    22 |       ||    22
       Dart              |     2 |     6 ||     8
  Use: Potion            |       |     1 ||     1
 Stab: Invisible         |     1 |     1 ||     2
Armor: Scale mail        |   140 |    15 ||   155
Dodge: Dodged            |   122 |    15 ||   137
Block: Buckler           |    46 |     5 ||    51
